 Dungeon Crawl Stone Soup version 0.29.0-13-gc9e81de378 (webtiles) character file.

Game seed: 5465044403072102742

70 Monkooky the Sneak (level 4, 0/42 HPs)
             Began as a Naga Delver on Sept 10, 2022.
             Slain by a gnoll bouda
             ... wielding a +0 club
              (3 damage)
             ... on level 3 of the Dungeon.
             The game lasted 00:04:59 (713 turns).

Monkooky the Sneak (Naga Delver)                     Turns: 713, Time: 00:05:00

Health: 0/42       AC:  2    Str: 15    XL:     4   Next: 22%
Magic:  6/6        EV:  9    Int: 18    God:
Gold:   83         SH:  0    Dex: 12    Spells: 4/6 levels left

rFire   . . .      SeeInvis +   a - +0 spear
rCold   . . .      Faith    .   (no shield)
rNeg    . . .      Spirit   .   b - +0 leather armour
rPois   +          Reflect  .   (no helmet)
rElec   .          Harm     .   (no cloak)
rCorr   .          Rampage  .   (no gloves)
Will    .....                   (no barding)
Stlth   +++.......              (no amulet)
HPRegen 0.14/turn               h - +6 ring of intelligence
MPRegen 0.10/turn               m - +4 ring of slaying

@: weakened, very slow
A: AC +1, large, see invisible, deformed body, poison resistance, slowness 2,
spit poison 1, naga tail 1
a: Spit Poison


You were on level 3 of the Dungeon.
You visited 2 branches of the dungeon, and saw 4 of its levels.

You collected 83 gold pieces.

Inventory:

Hand Weapons
 a - a +0 spear (weapon)
Missiles
 j - 5 poisoned darts
Armour
 b - a +0 leather armour (worn)
 l - a +0 ring mail
Jewellery
 h - a +6 ring of intelligence (left hand)
 m - a +4 ring of slaying (right hand)
Wands
 g - a wand of digging (3)
 k - a wand of roots (5)
 n - a wand of mindburst (19)
Scrolls
 c - a scroll of fog
 d - a scroll of magic mapping
 e - a scroll of fear
 i - a scroll of amnesia {unknown}
 p - a scroll of acquirement {unknown}
Potions
 f - a potion of haste
 o - a potion of flight {unknown}


   Skills:
 - Level 3.0 Fighting
 - Level 2.0 Polearms
 - Level 1.5 Dodging
 - Level 7.2 Stealth
 - Level 1.5 Spellcasting
 - Level 1.2 Air Magic
 - Level 2.6 Poison Magic
 + Level 1.5 Evocations


You had 4 spell levels left.
You knew the following spells:

 Your Spells              Type           Power      Damage    Failure   Level
a - Poisonous Vapours     Pois/Air       16%        N/A       16%         2

Your spell library contained the following spells:

 Spells                   Type           Power      Damage    Failure   Level
 Corpse Rot               Necr/Pois/Air  6%         N/A       80%         4


Dungeon Overview and Level Annotations

Branches:
Dungeon (5/15)             Temple (1/1) D:4

Altars:
Dithmenos
Elyvilon
Fedhas
Gozag
Hepliaklqana
Makhleb
Qazlal
Vehumet
Wu Jian
Xom
Zin
The Shining One

Annotations:
D:3 exclusion: gnoll


Innate Abilities, Weirdness & Mutations

Your serpentine skin is tough. (AC +1)
You have supernaturally acute eyesight. (SInv)
Armour fits poorly on your strangely shaped body.
Your system is resistant to poisons. (rPois)
You cover ground very slowly.
You can spit poison.
You have a snake-like lower body.


Message History

Aiming: Poisonous Vapours (safe; 16% risk of failure)
Press: ? - help, Dir - move target, f/p - gnoll
Aim: a gnoll, wielding a +0 whip (severely wounded, poisoned) Poisonous vapours surround the gnoll!
The gnoll looks even sicker.
You have got your breath back.
The gnoll hits you with a +0 whip. The gnoll attacks as you move away!
The gnoll closely misses you. The gnoll attacks as you move away!
The gnoll hits you with a +0 whip.
You kill the gnoll!
Your attacks no longer feel as feeble.
As you read the scroll of magic mapping, it crumbles to dust.
You feel aware of your surroundings.
You sensed 1 altar.
The gnoll bouda barks out a call to the hunt!
The gnoll bouda hits you with a +0 club!
You open the door.
A hobgoblin comes into view.
The gnoll barely misses you.
The gnoll bouda hits you with a +0 club.
Found 16 gold pieces.
Found an escape hatch in the ceiling.
The gnoll is no longer moving quickly.
A gnoll comes into view. It is wielding a +0 flail.
There is an open door here.
The hobgoblin shouts!
The gnoll bouda hits you with a +0 club!
The hobgoblin barely misses you.
You barely miss the hobgoblin.
The gnoll hits you from afar with a +0 spear.
The gnoll bouda misses you. The hobgoblin hits you.
The hobgoblin barely misses you.
The gnoll hits you from afar with a +0 spear.
* * * LOW HITPOINT WARNING * * *
The gnoll bouda gazes fiercely through you!
You feel your attacks grow feeble.
The gnoll bouda hits you with a +0 club.
* * * LOW HITPOINT WARNING * * *
The hobgoblin hits you.
* * * LOW HITPOINT WARNING * * *
The gnoll bouda attacks as you move away!
The gnoll bouda hits you with a +0 club.
You die...

,,,,,,* #........##.###.##.#
***,*** ##.##.##.##.###)##.# *,*
#.##.##.##.##...#.# *,*
#...g..g##......g.# *,*
####'########...#g# *,*** ##...##
#####.# *,,,* ##...g.## ***#.#
*,,,** ##...g...## **,*#.#
***,,,,***#....g@...#***,,,#.#
,,,,,,,,,,+.........+,,,,,,.g#
***,,,,***#.....<.$.#***,,,#.#***
*,*,** ##.......## **,,.g.,,,
*,*** ##.....## *,**,***, *,*
##...## *,**,* *, *,* ##+##
**,**,* *, *,* *,* *,,,,,* *, *,*
*,* *,,**** *,


You could see a gnoll bouda, 2 gnolls and a hobgoblin.

Vanquished Creatures
  A gnoll (D:3)
  5 adders
  A white imp (D:3)
  A ball python (D:3)
  2 goblins
  A hobgoblin (D:4)
  A kobold (D:3)
12 creatures vanquished.

Notes
Turn   | Place    | Note
-------+----------+-------------------------------------------
     0 | D:5      | Monkooky the Naga Delver began the quest for the Orb.
     0 | D:5      | Reached XP level 1. HP: 21/21 MP: 1/1
    35 | D:5      | Reached skill level 1 in Spellcasting
    35 | D:5      | Reached XP level 2. HP: 25/28 MP: 1/4
    38 | D:5      | Learned a level 2 spell: Poisonous Vapours
    95 | D:4      | Noticed a scorpion
   127 | D:4      | Reached skill level 1 in Poison Magic
   137 | D:4      | Reached XP level 3. HP: 25/34 MP: 5/5
   154 | D:4      | Reached skill level 1 in Air Magic
   176 | D:4      | Found a staircase to the Ecumenical Temple.
   183 | Temple   | Entered the Ecumenical Temple
   399 | D:3      | Found an opulent altar of Gozag.
   510 | D:3      | Reached skill level 1 in Evocations
   510 | D:3      | Reached XP level 4. HP: 42/42 MP: 1/6
   713 | D:3      | Slain by a gnoll bouda

Illustrated notes

Levels and vault maps discovered:
D:3:      minmay_diamond_boxcup, layout_loops_corners, amcnicky_altar_gilded,
          nicolae_ashenzari_skybound
D:4:      layout_cave_pools, okawaru_altar_gauntlet_db,
          mainiacjoe_overflow_alcove_2, minmay_temple_entry_mini_moons,
          hangedman_decor_riveting, minivault_23, uniq_sigmund
D:5:      layout_loops_ring, kennysheep_generic_room_14
Temple:   bh_familiar_temple

Skill      XL: |  1  2  3 |
---------------+----------+-----
Spellcasting   | 1 |  1.5
Poison Magic   | 2 |  2.6
Air Magic      | 1 |  1.2
Evocations     | 1 |  1.5
Fighting       | |  3.0
Polearms       | |  2.0
Dodging        | |  1.5
Stealth        | |  7.2

Action                   |  1- 3 |  4- 6 || total
-------------------------+-------+-------++-------
Melee: Spear             |    24 |     3 ||    27
Throw: Dart              |     1 |       ||     1
 Cast: Poisonous Vapours |     3 |     1 ||     4
 Abil: Spit Poison       |    10 |     2 ||    12
Evoke: Wand              |     1 |       ||     1
  Use: Scroll            |       |     1 ||     1
Armor: Leather armour    |     3 |       ||     3
Dodge: Dodged            |    16 |     5 ||    21
